[Event "ICC tourney 2296 (30 10)"]
[Site "Internet Chess Club"]
[Date "2021.01.10"]
[Round "2"]
[White "joshebow"]
[Black "SPBrain"]
[Result "1-0"]
[ICCResult "Black checkmated"]
[WhiteElo "673"]
[BlackElo "1342"]
[Opening "English opening"]
[ECO "A10"]
[NIC "EO.64"]
[Time "13:04:42"]
[PlyCount "163"]
[TimeControl "1800+10"]

1. c4 d6 2. Nc3 Nf6 3. g3 e5 4. Bg2 Be7 5. d3 Nc6 6. Nf3 Be6 7. O-O Qd7 8.
Be3 O-O 9. d4 exd4 10. Nxd4 Nxd4 11. Qxd4 c5 12. Qd2 Bh3 13. Bxh3 Qxh3 14.
f3 Rfe8 15. Bf4 Rad8 16. Rad1 Nh5 17. Ne4 Nxf4 18. Qxf4 h6 19. Nxd6 Bxd6
20. Rxd6 Rxd6 21. Qxd6 b6 22. e4 Qc8 23. a3 Rd8 24. Qe7 Rd7 25. Qe5 Rd4 26.
Rb1 Rxc4 27. Qd5 Rd4 28. Qb3 Qd8 29. Qc2 Rd2 30. Qa4 Qd4+ 31. Qxd4 Rxd4 32.
b4 cxb4 33. axb4 b5 34. Kf2 Kf8 35. Ke3 Rc4 36. Kf4 Ke7 37. Ke5 Rc2 38. h4
Rf2 39. f4 Rg2 40. Rb3 Kd7 41. Rd3+ Kc6 42. Rd6+ Kc7 43. Rd3 Rc2 44. g4 Rh2
45. h5 Rg2 46. Kf5 f6 47. Rd5 Kc6 48. Rc5+ Kb6 49. e5 fxe5 50. Rxe5 Rc2 51.
Re6+ Rc6 52. Rxc6+ Kxc6 53. Kg6 a5 54. bxa5 b4 55. Kxg7 b3 56. f5 b2 57. f6
b1=Q 58. f7 Qb7 59. Kg8 Qb3 60. Kg7 Qc3+ 61. Kg8 Qc4 62. Kg7 Qd4+ 63. Kg8
Qd8+ 64. f8=Q Qg5+ 65. Qg7 Qd5+ 66. Kh7 Qe4+ 67. Qg6+ Qxg6+ 68. hxg6 Kd7
69. g7 h5 70. gxh5 Ke7 71. g8=Q Kf6 72. a6 Ke7 73. a7 Kf6 74. a8=Q Ke7 75.
Qaf8+ Kd7 76. Qgg7+ Ke6 77. Qff6+ Kd5 78. Qgg5+ Ke4 79. Qff4+ Kd3 80. Qgg3+
Ke2 81. Qff2+ Kd1 82. Qgg1# { Black checkmated } 1-0

[Event "ICC tourney 2296 (30 10)"]
[Site "Internet Chess Club"]
[Date "2021.01.10"]
[Round "2"]
[White "collywog"]
[Black "strongbear"]
[Result "0-1"]
[ICCResult "White resigns"]
[WhiteElo "1107"]
[BlackElo "1295"]
[Opening "Sicilian: Anderssen variation"]
[ECO "B41"]
[NIC "SI.41"]
[Time "13:04:39"]
[PlyCount "92"]
[TimeControl "1800+10"]

1. e4 c5 2. Nf3 e6 3. d4 cxd4 4. Nxd4 Nf6 5. Bg5 Qa5+ 6. Bd2 Qb6 7. Bc3
Nxe4 8. Qf3 Nxc3 9. bxc3 Nc6 10. Nb3 d5 11. N1d2 Be7 12. Bd3 Ne5 13. Qg3
Nxd3+ 14. cxd3 Bf6 15. d4 Bd7 16. Rb1 Qd8 17. Nc5 b6 18. Nb7 Qb8 19. Qxb8+
Rxb8 20. Nc5 Rc8 21. Nxd7 Kxd7 22. Rc1 Bxd4 23. Nb1 Rc4 24. Ke2 Rhc8 25.
Kd3 Bf6 26. Rc2 d4 27. Rhc1 dxc3 28. Nxc3 Bxc3 29. Rxc3 Rxc3+ 30. Rxc3
Rxc3+ 31. Kxc3 Kc6 32. Kc4 e5 33. f3 f5 34. g3 a5 35. a4 g5 36. h3 h5 37.
Kc3 Kc5 38. Kb3 Kd4 39. f4 exf4 40. gxf4 gxf4 41. Kc2 Ke3 42. Kd1 f3 43.
Ke1 f2+ 44. Kf1 Kf3 45. h4 Kg3 46. Ke2 Kg2 { White resigns } 0-1

[Event "ICC tourney 2296 (30 10)"]
[Site "Internet Chess Club"]
[Date "2021.01.10"]
[Round "2"]
[White "Wfriedman24"]
[Black "oxdidi"]
[Result "1-0"]
[ICCResult "Black resigns"]
[WhiteElo "1286"]
[BlackElo "959"]
[Opening "Giuoco Piano: Bernstein variation"]
[ECO "C54"]
[NIC "IG.02"]
[Time "13:05:10"]
[PlyCount "98"]
[TimeControl "1800+10"]

1. e4 e5 2. Nf3 Nc6 3. Bc4 Bc5 4. c3 Nf6 5. d4 exd4 6. cxd4 Bb4+ 7. Nc3
Nxe4 8. O-O Nxc3 9. bxc3 Bxc3 10. Qb3 d5 11. Bxd5 O-O 12. Bxf7+ Rxf7 13.
Qxc3 Rf8 14. Bb2 Qf6 15. Qb3+ Qf7 16. d5 Ne7 17. Ba3 Re8 18. Rfe1 Bg4 19.
Ne5 Qh5 20. Nxg4 Qxg4 21. Rxe7 Rxe7 22. Bxe7 Qd4 23. Rc1 Qd2 24. Qd1 Qxd1+
25. Rxd1 Re8 26. Ba3 c6 27. d6 Rd8 28. d7 Kf7 29. f4 Ke6 30. Rd6+ Ke7 31.
Rxc6+ Kxd7 32. Rd6+ Ke7 33. Rxd8+ Kxd8 34. g4 Kd7 35. Kf2 Ke6 36. Kf3 Kd5
37. h4 a5 38. Ke3 b5 39. Bf8 g6 40. Kd3 b4 41. Kc2 Ke4 42. Bd6 a4 43. Kd2
b3 44. axb3 axb3 45. Kc1 Kf3 46. f5 gxf5 47. gxf5 Kg4 48. f6 Kf5 49. f7 b2+
{ Black resigns } 1-0

[Event "ICC tourney 2296 (30 10)"]
[Site "Internet Chess Club"]
[Date "2021.01.10"]
[Round "2"]
[White "OliverHsiao"]
[Black "haarim"]
[Result "0-1"]
[ICCResult "White resigns"]
[WhiteElo "1241"]
[BlackElo "1491"]
[Opening "French: exchange variation"]
[ECO "C01"]
[NIC "FR.01"]
[Time "13:04:39"]
[PlyCount "78"]
[TimeControl "1800+10"]

1. e4 e6 2. d4 d5 3. exd5 exd5 4. Nf3 Nf6 5. c4 c6 6. Bg5 Be6 7. cxd5 Bxd5
8. Nc3 Be6 9. Bd3 Be7 10. h3 h6 11. Bf4 O-O 12. O-O Nbd7 13. Qd2 Re8 14.
Rfe1 Nf8 15. Ne5 Nd5 16. Nxd5 Bxd5 17. Be4 Ne6 18. Bxd5 Qxd5 19. Qe3 Qxd4
20. Qxd4 Nxd4 21. Rad1 Ne6 22. Bh2 Rad8 23. Rd7 Rxd7 24. Nxd7 Rd8 25. Ne5
Rd2 26. Rb1 Bc5 27. Bg3 Ng5 28. b4 Bd4 29. a4 Rb2 30. Rxb2 Bxb2 31. b5 cxb5
32. axb5 Bxe5 33. Bxe5 Kf8 34. f4 Ne6 35. Kf2 f6 36. Bc3 Nxf4 37. Kf3 Nd5
38. Ba5 b6 39. Bd2 Nc7 { White resigns } 0-1

[Event "ICC tourney 2296 (30 10)"]
[Site "Internet Chess Club"]
[Date "2021.01.10"]
[Round "2"]
[White "Queen4aKing"]
[Black "tinyattacker"]
[Result "1-0"]
[ICCResult "Black checkmated"]
[WhiteElo "1451"]
[BlackElo "1216"]
[Opening "Ruy Lopez: closed defense"]
[ECO "C84"]
[NIC "RL.13"]
[Time "13:04:43"]
[PlyCount "115"]
[TimeControl "1800+10"]

1. e4 e5 2. Nf3 Nc6 3. Bb5 a6 4. Ba4 Nf6 5. O-O Be7 6. d3 b5 7. Bb3 O-O 8.
Nc3 d6 9. h3 Na5 10. Be3 Nxb3 11. axb3 Bb7 12. Re1 c5 13. Ne2 Qc7 14. c4 b4
15. Ng3 Bc8 16. Nh2 a5 17. f4 Rd8 18. fxe5 dxe5 19. Qe2 Qc6 20. Nf3 Qc7 21.
Kh2 Re8 22. Bg5 h6 23. Bxf6 Bxf6 24. Nh5 Qc6 25. Qe3 Rd8 26. Red1 Rd6 27.
Nxf6+ Rxf6 28. Nxe5 Qd6 29. Qg3 Re6 30. Nf3 Qxg3+ 31. Kxg3 Kf8 32. Kf4 Ke7
33. d4 g5+ 34. Ke3 f5 35. e5 f4+ 36. Kf2 Bb7 37. dxc5 Bxf3 38. Kxf3 Rxe5
39. Re1 Rxe1 40. Rxe1+ Kf6 41. Rd1 Rc8 42. Rd6+ Ke5 43. Rd5+ Kf6 44. h4 Kg6
45. hxg5 hxg5 46. Kg4 Kf7 47. Rf5+ Ke6 48. Rxg5 Kd7 49. Kxf4 Rf8+ 50. Rf5
Rxf5+ 51. Kxf5 Ke7 52. g4 Kf8 53. g5 Kf7 54. g6+ Kg7 55. c6 Kf8 56. Kf6 Kg8
57. c7 Kh8 58. c8=Q# { Black checkmated } 1-0

[Event "ICC tourney 2296 (30 10)"]
[Site "Internet Chess Club"]
[Date "2021.01.10"]
[Round "2"]
[White "eevee11"]
[Black "EricCheng-131"]
[Result "1/2-1/2"]
[ICCResult "Black stalemated"]
[WhiteElo "855"]
[BlackElo "1373"]
[Opening "Ruy Lopez: closed, Flohr-Zaitsev system (Lenzerheide variation)"]
[ECO "C89"]
[NIC "RL.26"]
[Time "13:04:45"]
[PlyCount "139"]
[TimeControl "1800+10"]

1. e4 e5 2. Nf3 Nc6 3. Bb5 a6 4. Ba4 Nf6 5. O-O Be7 6. Re1 b5 7. Bb3 O-O 8.
c3 Bb7 9. h3 d6 10. d4 exd4 11. cxd4 h6 12. Nbd2 Re8 13. Nf1 d5 14. e5 Ne4
15. Ne3 Na5 16. Bc2 Nc4 17. Nxc4 bxc4 18. Be3 Bb4 19. Rf1 c3 20. bxc3 Nxc3
21. Qd3 Ne4 22. Nh2 Bc3 23. Rab1 Bc6 24. f3 Bb5 25. Rxb5 axb5 26. fxe4 b4
27. exd5 g6 28. Bxh6 Qxd5 29. Rf6 Qxd4+ 30. Qxd4 Bxd4+ 31. Kh1 Rxa2 32. Bb3
Ra1+ 33. Nf1 Bxe5 34. Rxf7 Kh8 35. Kg1 Bd4+ 36. Kh2 Ree1 37. Nd2 Be5+ 38.
Bf4 Bxf4+ 39. Rxf4 Rh1+ 40. Kg3 c5 41. Rc4 Ra5 42. Ne4 Rb1 43. Bc2 Ra3+ 44.
Kh4 Rc1 45. Nxc5 Rc3 46. Rxc3 bxc3 47. Bxg6 c2 48. g4 Kg7 49. Nb3 Ra1 50.
Bxc2 Ra2 51. Nd4 Rb2 52. Kg5 Rb4 53. Nf5+ Kh8 54. Ne7 Rb5+ 55. Kh6 Rb6+ 56.
Ng6+ Kg8 57. h4 Kf7 58. Kh7 Rb7 59. h5 Kf6+ 60. Kh6 Kf7 61. Kg5 Rb5+ 62.
Bf5 Kg7 63. h6+ Kh7 64. Nf8+ Kh8 65. h7 Rb8 66. Nd7 Rb7 67. Kh6 Rxd7 68.
Bg6 Rd6 69. g5 Rxg6+ 70. Kxg6 { Black stalemated } 1/2-1/2

[Event "ICC tourney 2296 (30 10)"]
[Site "Internet Chess Club"]
[Date "2021.01.10"]
[Round "3"]
[White "SPBrain"]
[Black "thomasguchess"]
[Result "1-0"]
[ICCResult "Black checkmated"]
[WhiteElo "1342"]
[BlackElo "631"]
[Opening "Ruy Lopez: Morphy defense"]
[ECO "C77"]
[NIC "RL.12"]
[Time "15:01:12"]
[PlyCount "27"]
[TimeControl "1800+10"]

1. e4 e5 2. Nf3 Nc6 3. Bb5 a6 4. Ba4 Nf6 5. d4 b5 6. Bb3 Nxe4 7. Bd5 Nf6 8.
dxe5 Qe7 9. O-O Nxd5 10. Qxd5 g6 11. Bg5 Qb4 12. Bf6 Rg8 13. Ng5 Bb7 14.
Qxf7# { Black checkmated } 1-0

[Event "ICC tourney 2296 (30 10)"]
[Site "Internet Chess Club"]
[Date "2021.01.10"]
[Round "3"]
[White "maadhavd"]
[Black "shreyanshdaga"]
[Result "1-0"]
[ICCResult "Black checkmated"]
[WhiteElo "469"]
[BlackElo "474"]
[Opening "Sicilian: accelerated fianchetto, modern variation with Bc4"]
[ECO "B35"]
[NIC "SI.34"]
[Time "15:01:21"]
[PlyCount "89"]
[TimeControl "1800+10"]

1. e4 c5 2. Nf3 Nc6 3. d4 cxd4 4. Nxd4 Nf6 5. Nc3 g6 6. Be3 Bg7 7. Bc4 O-O
8. O-O d6 9. Nxc6 bxc6 10. f3 c5 11. Rb1 Bd7 12. Nd5 Nxd5 13. Bxd5 Rb8 14.
c3 e6 15. Bc4 Bc6 16. Bd3 Bb5 17. Bxb5 Rxb5 18. a4 Rb8 19. Qd2 Qd7 20. b3
d5 21. Rfd1 Rbd8 22. Bxc5 Rfe8 23. c4 dxe4 24. Qxd7 Rxd7 25. Rxd7 e3 26.
Bxe3 Bc3 27. Rxa7 Rd8 28. Rc1 Rd3 29. Bf2 f5 30. Rxc3 Rxc3 31. Rg7+ Kxg7
32. Bd4+ Kf7 33. Bxc3 Ke7 34. Kf2 Kd6 35. Bb4+ Kc6 36. Ke3 Kb6 37. Kd4 Kc7
38. a5 Kb7 39. c5 Kb8 40. c6 Kc7 41. Kc5 e5 42. a6 Kb8 43. Kb6 e4 44. a7+
Kc8 45. a8=Q# { Black checkmated } 1-0

[Event "ICC tourney 2296 (30 10)"]
[Site "Internet Chess Club"]
[Date "2021.01.10"]
[Round "3"]
[White "SGOLD9367"]
[Black "Jeffchess"]
[Result "0-1"]
[ICCResult "White resigns"]
[WhiteElo "1210"]
[BlackElo "1209"]
[Opening "Queen's pawn"]
[ECO "A40"]
[NIC "QO.17"]
[Time "15:01:09"]
[PlyCount "42"]
[TimeControl "1800+10"]

1. d4 e6 2. Nf3 d5 3. c4 Nf6 4. Bf4 Bd6 5. Ne5 Nbd7 6. c5 Bxe5 7. dxe5 Ne4
8. b4 a5 9. Qa4 c6 10. f3 Qh4+ 11. g3 Nxg3 12. Bxg3 Qd4 13. Bf2 Qxa1 14.
Qd1 axb4 15. Bd4 Qxa2 16. e3 Qa5 17. Nd2 Nxc5 18. Rg1 g6 19. Be2 b6 20. f4
Ba6 21. Bf3 Nd3+ { White resigns } 0-1

[Event "ICC tourney 2296 (30 10)"]
[Site "Internet Chess Club"]
[Date "2021.01.10"]
[Round "3"]
[White "LoveChess09"]
[Black "NikiSDKChess"]
[Result "1-0"]
[ICCResult "Black checkmated"]
[WhiteElo "837"]
[BlackElo "531"]
[Opening "Ruy Lopez: four knights (Tarrasch) variation"]
[ECO "C48"]
[NIC "KP.03"]
[Time "15:01:28"]
[PlyCount "117"]
[TimeControl "1800+10"]

1. e4 e5 2. Nf3 Nc6 3. Bb5 Nf6 4. Nc3 a6 5. Ba4 b5 6. Bb3 Bc5 7. O-O Nd4 8.
Nxe5 O-O 9. d3 h6 10. Re1 c6 11. Be3 Qc7 12. Nf3 d5 13. Bxd4 Bxd4 14. Nxd4
c5 15. e5 Ng4 16. Nf3 c4 17. dxc4 dxc4 18. Qd6 Qxd6 19. exd6 cxb3 20. cxb3
Rd8 21. Rad1 Nf6 22. Nd5 Nxd5 23. Rxd5 Bb7 24. Rdd1 Bc8 25. Ne5 Bd7 26.
Nxd7 Rxd7 27. Re7 Rad8 28. Rxd7 Rxd7 29. a4 b4 30. a5 f6 31. f3 g5 32. Kf2
Kg7 33. g4 Kg6 34. h3 h5 35. Ke3 hxg4 36. hxg4 f5 37. Rd5 fxg4 38. fxg4 Kf6
39. Ke4 Ke6 40. Rxg5 Rxd6 41. Rg6+ Ke7 42. Rxd6 Kxd6 43. Kf5 Kc5 44. g5 Kd4
45. g6 Kd3 46. g7 Kc2 47. g8=Q Kxb2 48. Qc4 Ka2 49. Ke4 Kb2 50. Kd3 Ka3 51.
Qc1+ Ka2 52. Qc2+ Ka3 53. Qc6 Kb2 54. Qxa6 Kxb3 55. Qc4+ Ka4 56. a6 Ka3 57.
a7 Kb2 58. a8=Q Kb1 59. Qaa2# { Black checkmated } 1-0

[Event "ICC tourney 2296 (30 10)"]
[Site "Internet Chess Club"]
[Date "2021.01.10"]
[Round "3"]
[White "tavit2"]
[Black "martinjames28"]
[Result "0-1"]
[ICCResult "White checkmated"]
[WhiteElo "1016"]
[BlackElo "1175"]
[Opening "Caro-Kann defense"]
[ECO "B10"]
[NIC "CK.01"]
[Time "15:01:20"]
[PlyCount "136"]
[TimeControl "1800+10"]

1. e4 c6 2. Nf3 d5 3. exd5 cxd5 4. d4 Nf6 5. Nc3 Bg4 6. Be2 e6 7. Bg5 Nbd7
8. Qd2 Bb4 9. Bxf6 Nxf6 10. Qg5 O-O 11. O-O Rc8 12. h3 Bxf3 13. Bxf3 Bxc3
14. bxc3 Rxc3 15. Qd2 Qc7 16. Rac1 Rc8 17. Bd1 Ne4 18. Qe2 Rc4 19. Qe3 Nc3
20. Be2 Nxe2+ 21. Qxe2 Rxc2 22. Rxc2 Qxc2 23. Qxc2 Rxc2 24. Rb1 b6 25. Ra1
Rd2 26. Rc1 h6 27. Rc8+ Kh7 28. Rc7 Kg6 29. Rxa7 Rxd4 30. Rb7 Ra4 31. Rxb6
Rxa2 32. Rb3 Rd2 33. Rg3+ Kf6 34. Rf3+ Ke7 35. Rg3 g6 36. Kf1 d4 37. Ke1
Rc2 38. Rd3 Rc4 39. Kd2 f5 40. Rg3 Kf6 41. h4 e5 42. Ra3 Rc6 43. f3 g5 44.
hxg5+ Kxg5 45. g3 Rc3 46. Rxc3 dxc3+ 47. Kxc3 h5 48. Kd3 h4 49. gxh4+ Kxh4
50. Ke3 Kg3 51. Ke2 Kg2 52. Ke3 f4+ 53. Ke4 Kg3 54. Kxe5 Kxf3 55. Kd4 Ke2
56. Ke4 f3 57. Kf4 f2 58. Kg3 f1=Q 59. Kg4 Qf3+ 60. Kg5 Qe4 61. Kf6 Qd5 62.
Ke7 Qc6 63. Kf8 Qd7 64. Kg8 Kf3 65. Kh8 Kg4 66. Kg8 Kg5 67. Kh8 Kg6 68. Kg8
Qd8# { White checkmated } 0-1

[Event "ICC tourney 2296 (30 10)"]
[Site "Internet Chess Club"]
[Date "2021.01.10"]
[Round "3"]
[White "andrewj508"]
[Black "Queen4aKing"]
[Result "0-1"]
[ICCResult "White resigns"]
[WhiteElo "1256"]
[BlackElo "1451"]
[Opening "Petrov: Nimzovich attack"]
[ECO "C42"]
[NIC "RG.03"]
[Time "15:01:15"]
[PlyCount "160"]
[TimeControl "1800+10"]

1. e4 e5 2. Nf3 Nf6 3. Nxe5 d6 4. Nf3 Nxe4 5. Nc3 Nxc3 6. dxc3 Nc6 7. Be3
Bg4 8. Be2 Be7 9. Qd2 Qd7 10. h3 Bf5 11. Nd4 Nxd4 12. Bxd4 O-O 13. O-O c5
14. Be3 Rac8 15. Bf3 Be6 16. Rad1 Rfd8 17. Rfe1 d5 18. Bf4 d4 19. a3 Bf6
20. Be5 Bxe5 21. Rxe5 Qc7 22. Ree1 Bf5 23. c4 Qb6 24. Bd5 Qxb2 25. Rb1 Qxc2
26. Qxc2 Bxc2 27. Rxb7 Bg6 28. Rxa7 d3 29. Rd1 Rxd5 30. cxd5 c4 31. d6 c3
32. d7 Rd8 33. Rc7 c2 34. Rd2 Kf8 35. g4 Rxd7 36. Rc3 Rb7 37. f4 Rb1+ 38.
Kf2 c1=Q 39. Rxc1 Rxc1 40. f5 Bxf5 41. gxf5 Rc3 42. Ke3 Rxa3 43. Kf4 Ke7
44. Ke5 Ra5+ 45. Ke4 Kf6 46. Rxd3 Re5+ 47. Kf4 Rxf5+ 48. Kg4 Rg5+ 49. Kf4
Kg6 50. h4 Ra5 51. Rd4 f6 52. Kg4 h5+ 53. Kg3 Rf5 54. Rd7 Kh6 55. Rf7 Kg6
56. Rd7 Re5 57. Kf4 Rb5 58. Rd4 Rf5+ 59. Kg3 Kh6 60. Rd7 g5 61. Rd6 g4 62.
Rd3 Kg6 63. Re3 Rf3+ 64. Rxf3 gxf3 65. Kxf3 Kf5 66. Kg3 Ke4 67. Kf2 Kf4 68.
Kg2 Kg4 69. Kf2 Kxh4 70. Kf3 Kg5 71. Kg3 f5 72. Kf3 h4 73. Kg2 Kg4 74. Kf2
h3 75. Kg1 Kg3 76. Kh1 f4 77. Kg1 f3 78. Kh1 Kf2 79. Kh2 Ke2 80. Kxh3 f2 {
White resigns } 0-1

[Event "ICC tourney 2296 (30 10)"]
[Site "Internet Chess Club"]
[Date "2021.01.10"]
[Round "3"]
[White "EricCheng-131"]
[Black "joshebow"]
[Result "1-0"]
[ICCResult "Black checkmated"]
[WhiteElo "1373"]
[BlackElo "673"]
[Opening "Sicilian: Labourdonnais-Löwenthal variation"]
[ECO "B32"]
[NIC "SI.32"]
[Time "15:01:19"]
[PlyCount "83"]
[TimeControl "1800+10"]

1. e4 c5 2. Nf3 Nc6 3. d4 cxd4 4. Nxd4 e5 5. Nf3 Nf6 6. Nc3 Bc5 7. Bc4 O-O
8. O-O b6 9. Bg5 Bb7 10. Nd5 Be7 11. Nxf6+ Bxf6 12. Bxf6 Qxf6 13. Qxd7 Na5
14. Qd3 Rad8 15. Qe2 Qf4 16. Bd3 Nc6 17. Rad1 Nd4 18. Nxd4 Rxd4 19. f3 Rfd8
20. Bc4 Rxd1 21. Rxd1 Rxd1+ 22. Qxd1 h6 23. Bd5 Bxd5 24. exd5 Qe3+ 25. Kf1
Qd4 26. Qxd4 exd4 27. Ke2 Kf8 28. Kd3 Ke7 29. Kxd4 Kd6 30. c4 g6 31. b4 a6
32. c5+ bxc5+ 33. bxc5+ Kc7 34. Ke5 Kd7 35. c6+ Ke7 36. d6+ Kd8 37. d7 Kc7
38. Kf6 Kd8 39. Kxf7 a5 40. Ke6 g5 41. Kd6 a4 42. c7# { Black checkmated }
1-0

[Event "ICC tourney 2296 (30 10)"]
[Site "Internet Chess Club"]
[Date "2021.01.10"]
[Round "3"]
[White "alexbelaya"]
[Black "niftyfountain"]
[Result "0-1"]
[ICCResult "White checkmated"]
[WhiteElo "1129"]
[BlackElo "1357"]
[Opening "Sicilian: Smith-Morra gambit"]
[ECO "B21"]
[NIC "SI.47"]
[Time "15:01:12"]
[PlyCount "158"]
[TimeControl "1800+10"]

1. e4 c5 2. d4 cxd4 3. c3 Nf6 4. e5 Nd5 5. cxd4 Nc6 6. Nf3 g6 7. Be3 Bg7 8.
Qd2 O-O 9. Bc4 Nxe3 10. Qxe3 d5 11. Bb5 e6 12. Nc3 Bd7 13. O-O Na5 14. Bxd7
Qxd7 15. Rac1 Nc4 16. Qe2 Rac8 17. b3 Nb6 18. Nb5 a6 19. Nd6 Rc6 20. Rfd1
Nc8 21. Rxc6 Qxc6 22. Nxc8 Rxc8 23. h3 Qc2 24. Qxc2 Rxc2 25. a4 Rb2 26. Nd2
Bh6 27. Nf3 Rxb3 28. Ra1 Rc3 29. Kf1 Rc1+ 30. Rxc1 Bxc1 31. Ke2 Kf8 32. Kd3
Ke7 33. Kc3 Kd7 34. Kb4 Kc6 35. g3 b6 36. a5 b5 37. g4 h6 38. h4 Bf4 39.
Kc3 Kc7 40. Kb4 Kc6 41. Kc3 Bc1 42. Kb4 Kc7 43. Kb3 Kd7 44. Kb4 Kc7 45. Kc3
Ba3 46. Kb3 b4 47. Nd2 Kc6 48. Nb1 Kb5 49. Nxa3+ bxa3 50. Kxa3 Kxa5 51. f4
Kb5 52. Kb3 a5 53. h5 gxh5 54. gxh5 a4+ 55. Kc3 a3 56. Kb3 a2 57. Kxa2 Kc4
58. Ka3 Kxd4 59. Kb4 Ke4 60. Kc5 Kxf4 61. Kd6 d4 62. Ke7 d3 63. Kxf7 Kf5
64. Kg7 d2 65. Kxh6 d1=Q 66. Kg7 Qxh5 67. Kg8 Kxe5 68. Kg7 Kf5 69. Kg8 e5
70. Kg7 e4 71. Kf8 e3 72. Ke7 e2 73. Kd6 e1=R 74. Kd5 Qe8 75. Kd6 Rd1+ 76.
Kc7 Qe5+ 77. Kc6 Qc3+ 78. Kb5 Rb1+ 79. Ka4 Qa1# { White checkmated } 0-1

[Event "ICC tourney 2296 (30 10)"]
[Site "Internet Chess Club"]
[Date "2021.01.10"]
[Round "3"]
[White "BrianTN"]
[Black "eevee11"]
[Result "0-1"]
[ICCResult "White resigns"]
[WhiteElo "1074"]
[BlackElo "855"]
[Opening "Scandinavian defense"]
[ECO "B01"]
[NIC "SD.03"]
[Time "15:01:16"]
[PlyCount "110"]
[TimeControl "1800+10"]

1. e4 d5 2. exd5 Nf6 3. Nc3 Nxd5 4. Nxd5 Qxd5 5. d4 Nc6 6. Nf3 Bg4 7. c4
Qe4+ 8. Qe2 Bxf3 9. gxf3 Qxe2+ 10. Bxe2 Nxd4 11. Bd1 O-O-O 12. O-O e5 13.
Be3 Bc5 14. f4 exf4 15. Bg4+ Kb8 16. Bxf4 Nc2 17. Rac1 Rd4 18. Rxc2 Rxf4
19. Bh3 a6 20. Kg2 g5 21. Bd7 Rd8 22. Rd2 Rxc4 23. Rfd1 Bd6 24. Bf5 Rh4 25.
h3 h6 26. f3 Rf4 27. Bc2 Re8 28. Kf2 Bc5+ 29. Kg2 Bb4 30. Rd8+ Rxd8 31.
Rxd8+ Ka7 32. Rd7 Kb6 33. a4 Bd6 34. Bb3 Rb4 35. Bxf7 Rxb2+ 36. Kf1 Rb4 37.
Bg6 Rxa4 38. Rh7 Rh4 39. Kg2 a5 40. Be4 a4 41. Rh8 a3 42. Ra8 Rf4 43. Ra4
Rf7 44. Bd5 Re7 45. Be4 Re5 46. Kf1 Ra5 47. Rxa5 Kxa5 48. Bd5 Kb4 49. Ke2
Kc3 50. Ke3 Kb2 51. Kd4 a2 52. Bxa2 Kxa2 53. Kd5 b5 54. Kd4 b4 55. Kd3 b3 {
White resigns } 0-1

[Event "ICC tourney 2296 (30 10)"]
[Site "Internet Chess Club"]
[Date "2021.01.10"]
[Round "3"]
[White "oxdidi"]
[Black "OliverHsiao"]
[Result "0-1"]
[ICCResult "White checkmated"]
[WhiteElo "959"]
[BlackElo "1241"]
[Opening "Giuoco Piano"]
[ECO "C54"]
[NIC "IG.02"]
[Time "15:01:50"]
[PlyCount "130"]
[TimeControl "1800+10"]

1. e4 e5 2. Nf3 Nc6 3. Bc4 Bc5 4. c3 Nf6 5. d3 h6 6. Nbd2 d6 7. h3 Be6 8.
Bb3 O-O 9. O-O Qd7 10. Re1 Nh5 11. Nf1 Bb6 12. d4 Bxb3 13. Qxb3 exd4 14.
cxd4 Nxd4 15. Nxd4 Bxd4 16. Qd5 Be5 17. Qxb7 Rfb8 18. Qd5 Nf6 19. Qd2 Qc6
20. Ng3 Bxg3 21. fxg3 Nxe4 22. Qd3 Re8 23. Bf4 Rab8 24. b3 Nc5 25. Rxe8+
Rxe8 26. Qf3 Qb6 27. Be3 Qb5 28. Rf1 Re7 29. Qa8+ Kh7 30. Qxa7 Rxe3 31.
Qxc7 Rxg3 32. Qxd6 Ne4 33. Qf4 Qb6+ 34. Kh2 Qg6 35. Rg1 Rc3 36. Re1 Qg3+
37. Qxg3 Nxg3 38. Re7 Kg6 39. b4 Nf5 40. Re1 Ra3 41. Re2 Nd4 42. Rd2 Nb5
43. Rc2 Nc3 44. Kg1 Nxa2 45. b5 Nb4 46. Rb2 Nd3 47. Rb1 Ra5 48. b6 Ra8 49.
b7 Rb8 50. Rb5 Nf4 51. Kf2 Ne6 52. Rb6 Kf5 53. Rb5+ Ke4 54. Ke2 Nd4+ 55.
Kd2 Nxb5 56. Kc2 Rxb7 57. Kb3 Nd4+ 58. Kc4 Rc7+ 59. Kb4 Kd5 60. Ka3 Rb7 61.
Ka4 Kc5 62. Ka3 Kc4 63. Ka2 Kc3 64. Ka1 Kc2 65. Ka2 Ra7# { White checkmated
} 0-1

[Event "ICC tourney 2296 (30 10)"]
[Site "Internet Chess Club"]
[Date "2021.01.10"]
[Round "3"]
[White "strongbear"]
[Black "DanielHan"]
[Result "1-0"]
[ICCResult "Black checkmated"]
[WhiteElo "1295"]
[BlackElo "464"]
[Opening "Nimzovich-Larsen attack: modern variation"]
[ECO "A01"]
[NIC "VO.08"]
[Time "15:01:14"]
[PlyCount "61"]
[TimeControl "1800+10"]

1. b3 e5 2. Bb2 Nc6 3. e3 Bd6 4. Nf3 Nf6 5. d4 e4 6. Nfd2 O-O 7. Be2 Be7 8.
c4 Bb4 9. a3 Bxd2+ 10. Nxd2 Re8 11. O-O d5 12. Rc1 dxc4 13. bxc4 b6 14. Qc2
Bg4 15. Bxg4 Nxg4 16. h3 Nf6 17. d5 Nb8 18. Bxf6 Qxf6 19. Nxe4 Qh4 20. Ng3
Nd7 21. Rfd1 Nf6 22. Rd4 Qg5 23. Qe2 c5 24. dxc6 Rac8 25. Qf3 Rc7 26. Ne4
Nxe4 27. Rxe4 Rxe4 28. Qxe4 Re7 29. Qd5 Qf6 30. Qd8+ Re8 31. Qxe8# { Black
checkmated } 1-0

[Event "ICC tourney 2296 (30 10)"]
[Site "Internet Chess Club"]
[Date "2021.01.10"]
[Round "3"]
[White "collywog"]
[Black "Yeetamus123"]
[Result "0-1"]
[ICCResult "White resigns"]
[WhiteElo "1107"]
[BlackElo "1324"]
[Opening "Sicilian: closed, 2...Nc6"]
[ECO "B23"]
[NIC "SI.44"]
[Time "15:01:09"]
[PlyCount "78"]
[TimeControl "1800+10"]

1. e4 c5 2. Nc3 Nc6 3. Nf3 g6 4. g3 Bg7 5. d3 d6 6. Bg2 Nf6 7. Bg5 O-O 8.
Qd2 Bd7 9. Bh6 Qc8 10. O-O-O a6 11. h4 b5 12. h5 Nxh5 13. Nd5 Rb8 14. d4
Rd8 15. c3 e6 16. Bxg7 exd5 17. exd5 Kxg7 18. dxc6 Bxc6 19. d5 Bd7 20. Qg5
h6 21. Qe7 Bf5 22. Nh4 a5 23. Bf3 Bg4 24. Qe2 Re8 25. Qc2 Bxf3 26. Nxf3 Qg4
27. Nh2 Qe2 28. Qxe2 Rxe2 29. g4 Nf4 30. f3 Rbe8 31. Nf1 Rf2 32. Nd2 Ree2
33. Rhf1 Rg2 34. Kc2 Nxd5 35. Rfe1 Ne3+ 36. Kd3 c4+ 37. Kd4 Nxd1 38. Rxd1
Rxd2+ 39. Rxd2 Rxd2+ { White resigns } 0-1

[Event "ICC tourney 2296 (30 10)"]
[Site "Internet Chess Club"]
[Date "2021.01.10"]
[Round "3"]
[White "haarim"]
[Black "Wfriedman24"]
[Result "1/2-1/2"]
[ICCResult "Game drawn by mutual agreement"]
[WhiteElo "1491"]
[BlackElo "1286"]
[Opening "Scotch gambit: Dubois-Réti defense"]
[ECO "C55"]
[NIC "KP.02"]
[Time "15:01:17"]
[PlyCount "81"]
[TimeControl "1800+10"]

1. e4 e5 2. Nf3 Nc6 3. d4 exd4 4. Bc4 Nf6 5. e5 Ne4 6. Bd5 Nc5 7. Bxc6 dxc6
8. Qxd4 Bf5 9. c3 Qxd4 10. Nxd4 Bg6 11. O-O O-O-O 12. Nd2 Be7 13. f4 Nd3
14. f5 Bh5 15. N2f3 Bxf3 16. Nxf3 Bc5+ 17. Nd4 Nxe5 18. Bf4 Bxd4+ 19. cxd4
Nd3 20. Be5 Nxe5 21. dxe5 Rd5 22. e6 fxe6 23. fxe6 Re5 24. Rf7 Rxe6 25.
Rxg7 Re2 26. Rf1 Rd8 27. h3 b5 28. Rff7 Kb7 29. Rxc7+ Kb6 30. b4 Rb8 31.
Rxa7 h5 32. g4 hxg4 33. hxg4 Re4 34. a3 Rxg4+ 35. Rxg4 Kxa7 36. Kf2 Kb6 37.
Ke2 Ra8 38. Rg3 c5 39. Rg6+ Kc7 40. bxc5 Rxa3 41. Rb6 { Game drawn by
mutual agreement } 1/2-1/2

[Event "ICC tourney 2296 (30 10)"]
[Site "Internet Chess Club"]
[Date "2021.01.10"]
[Round "4"]
[White "shreyanshdaga"]
[Black "NikiSDKChess"]
[Result "0-1"]
[ICCResult "White checkmated"]
[WhiteElo "474"]
[BlackElo "531"]
[Opening "Ruy Lopez: Caro variation"]
[ECO "C70"]
[NIC "RL.09"]
[Time "17:01:35"]
[PlyCount "46"]
[TimeControl "1800+10"]

1. e4 e5 2. Nf3 Nc6 3. Bb5 a6 4. Ba4 b5 5. Bb3 Nf6 6. Nc3 Bb4 7. O-O O-O 8.
d3 h6 9. Be3 Ne7 10. Nxe5 d6 11. Nf3 c5 12. a3 c4 13. dxc4 bxc4 14. Bxc4
Qc7 15. Ba2 Ba5 16. b4 Bb6 17. Bxb6 Qxb6 18. Re1 Bb7 19. e5 dxe5 20. Rxe5
Ng4 21. Qc1 Qxf2+ 22. Kh1 Nxe5 23. Nxe5 Qxg2# { White checkmated } 0-1